 Dungeon Crawl Stone Soup version 0.21.1-1-g345015f (webtiles) character file.

309 rlgrobin the Skirmisher (level 6, -2/60 HPs)
             Began as a Deep Dwarf Chaos Knight on Apr 7, 2018.
             Slain by a worm (6 damage)
             ... on level 2 of the Dungeon.
             The game lasted 00:04:46 (1142 turns).

rlgrobin the Skirmisher (Deep Dwarf Chaos Knight)   Turns: 1142, Time: 00:04:49

Health: -2/60      AC:  8    Str: 17    XL:     6   Next: 17%
Magic:  6/6        EV: 13    Int: 13    God:    Xom [..*...]
Gold:   79         SH:  0    Dex: 12    Spells: 5/5 levels left

rFire    . . .     SeeInvis .   a - +0 falchion (chaos)
rCold    . . .     Gourm    .   (no shield)
rNeg     . . .     Faith    .   b - +2 leather armour
rPois    .         Spirit   .   (no helmet)
rElec    .         Reflect  .   (no cloak)
rCorr    .         Harm     .   (no gloves)
MR       .....     Rnd*Tele +   j - +2 pair of boots
Stlth    +.........             (no amulet)
HPRegen  0.00/turn              n - ring of teleportation (curse)
MPRegen  0.10/turn              (no ring)

@: non-regenerating
A: damage resistance, heal wounds, sense surroundings 1, no regeneration
a: Heal Wounds, Renounce Religion


You were on level 2 of the Dungeon.
You worshipped Xom.
You were a toy of Xom.
You were not hungry.

You visited 1 branch of the dungeon, and saw 2 of its levels.

You collected 79 gold pieces.


Innate Abilities, Weirdness & Mutations

You are resistant to damage.
You can heal yourself by infusing magical energy.
You passively map a small area around you.
You do not regenerate.


   Skills:
 + Level 4.8 Fighting
 - Level 3.0 Long Blades
 - Level 4.0 Armour
 - Level 3.5 Dodging


You had 5 spell levels left.
You didn't know any spells.

Inventory:

Hand Weapons
 a - a +0 falchion of chaos (weapon)
Missiles
 g - 10 sling bullets
 r - 16 poisoned needles
Armour
 b - a +2 leather armour (worn)
 j - a +2 pair of boots (worn)
Jewellery
 n - a cursed ring of teleportation (left hand)
Scrolls
 d - 5 scrolls of identify {unknown}
 e - 3 scrolls of enchant armour {unknown}
 m - a scroll of enchant weapon {unknown}
 p - a scroll of magic mapping {unknown}
Potions
 f - a potion of berserk rage {unknown}
 h - a potion of curing {unknown}
 i - a potion of degeneration {unknown}
 k - a potion of agility
 l - a potion of cancellation {unknown}
 q - a potion of flight {unknown}
Comestibles
 c - 3 rations

Dungeon Overview and Level Annotations

Branches:
Dungeon (2/15)

Altars:

.'.......................'.......
.▒▒▒▒...▒▒.▒▒▒▒▒.........▒.....[.
▒▒ ▒▒.▒▒▒.▒ ▒.▒▒▒.▒▒▒.▒▒...... ▒
▒▒▒ ▒.▒ ▒.▒ ▒.▒ ▒.▒▒▒..... ▒.▒
▒.▒ ▒.▒ ▒.▒ ▒▒...▒ ▒.▒ ▒.▒ ▒.▒
▒.▒ ▒▒'▒▒ ..▒ ▒.▒ ▒. ▒.▒ ▒.▒ ▒▒▒
▒.▒ ░ ▒.▒ ▒.▒ ▒g▒░░, ..▒ ▒▒†▒▒
▒.{.......▒ ▒▒...▒ ▒▒▒▒▒ ░
▒▒▒▒▒..▒▒,░ ▒..... ....▒
...▒▒▒▒.... ▒▒▒.▒▒ ░░ ..........
....... ░ ░ ▒▒▒▒▒▒▒.▒. ▒▒▒.▒▒▒
▒.▒▒ ..,, ░ ▒.▒ ▒▒▒ ▒.▒


There were no monsters in sight!


Message History

You closely miss the quokka! The quokka closely misses you!
You riposte!
You barely miss the quokka! You carve the quokka like a ham!!!
You annihilate the quokka!!!
You feel a little less agile now!
Found a scroll labeled SILIMILITZ!
Found a dagger!
Found a whip!
d - 5 scrolls labeled SILIMILITZ (gained 1) All of the chunks of flesh in your inventory have rotted away!
You open the door!
There is an open door here!
You open the door!
There is an open door here!
Found 8 gold pieces!
You now have 79 gold pieces (gained 8)!
A worm comes into view!
You open the worm like a pillowcase!
The worm flickers and vanishes!!!
Deactivating autopickup; reactivate with Ctrl-A!
Xom is highly amused!!!
You carve something but do no damage!
Xom is highly amused!!!
Nothing appears to happen!
Something bites you but does no damage! Something bites you!!! * * * don't die
* * * You take 7 damage, and have 4/60 hp!
You closely miss something!
Something bites you!!! rip "It's all fun and games until someone loses an eye!"

Action                   |  1- 3 |  4- 6 || total
-------------------------+-------+-------++-------
Melee: Falchion          |    49 |    61 ||   110
 Abil: Heal Wounds       |       |     1 ||     1
  Use: Potion            |       |     1 ||     1
 Stab: Confused          |     3 |       ||     3
  Eat: Chunk             |       |     1 ||     1
Armor: Leather armour    |    22 |    17 ||    39
Dodge: Dodged            |    25 |    42 ||    67
       Rpst.: Falchion   |     8 |    10 ||    18

Vault maps used:
D:1:      evilmike_arrival_plus, minmay_door_square
D:2:      lemuel_upstairs_altar, uniq_sigmund

Notes
Turn   | Place    | Note
-------+----------+-------------------------------------------
     0 | D:1      | rlgrobin the Deep Dwarf Chaos Knight began the quest for the Orb.
     0 | D:1      | Reached XP level 1. HP: 20/20 MP: 1/1
    58 | D:1      | XOM: divination: magic mapping
   242 | D:1      | Reached XP level 2. HP: 27/27 MP: 2/2
   441 | D:1      | Reached skill level 2 in Dodging
   692 | D:2      | Noticed an ogre
   699 | D:2      | Killed an ogre
   699 | D:2      | Reached skill level 4 in Armour
   699 | D:2      | Reached skill level 3 in Dodging
   699 | D:2      | Reached XP level 3. HP: 13/33 MP: 3/3
   699 | D:2      | Reached XP level 4. HP: 16/40 MP: 4/4
   755 | D:2      | Reached skill level 3 in Fighting
   873 | D:2      | XOM: harmless Summ miscast
   888 | D:2      | XOM: divination: magic mapping
  1007 | D:2      | Noticed Sigmund
  1015 | D:2      | HP: 2/42 [Sigmund/scythe (3)]
  1022 | D:2      | Killed Sigmund
  1022 | D:2      | Reached skill level 4 in Fighting
  1022 | D:2      | Reached XP level 5. HP: 9/51 MP: 5/5
  1022 | D:2      | Reached XP level 6. HP: 11/60 MP: 6/6
  1141 | D:2      | HP: 4/60 [something (7)]
  1142 | D:2      | Slain by a worm

Vanquished Creatures
  Sigmund (D:2)
  An ogre (D:2)
  2 adders (D:2)
  3 giant cockroaches (D:1)
  3 goblins
  5 hobgoblins
  2 jackals (D:2)
  2 quokkas (D:2)
  4 bats
  3 frilled lizards
  4 kobolds (D:1)
  3 rats
33 creatures vanquished.
